 Dungeon Crawl Stone Soup version 0.29.1-15-g9cfb28693d (webtiles) character file.

Game seed: 10333067413667768673

22756 BlackCrag the Bludgeoner (level 12, -10/113 HPs)
             Began as a Minotaur Fighter on Mar 8, 2023.
             Was an Elder of the Shining One.
             Killed from afar by an ironbound frostheart (36 damage)
             ... by creeping frost
             ... in an ice cave.
             The game lasted 00:56:06 (9694 turns).

BlackCrag the Bludgeoner (Minotaur Fighter)         Turns: 9694, Time: 00:56:07

Health: -10/113    AC: 27    Str: 26    XL:     12   Next: 65%
Magic:  11/11      EV: 11    Int:  2    God:    the Shining One [****..]
Gold:   1008       SH: 10    Dex: 10    Spells: 10/11 levels left

rFire   . . .      SeeInvis .   s - +2 flail (protect)
rCold   + . .      Faith    .   X - +1 kite shield {rC+}
rNeg    + + +      Spirit   .   C - +8 ring mail of Soxyif {Rampage rN++ Regen+ Int-3}
rPois   +          Reflect  .   p - +2 hat
rElec   .          Harm     .   e - +0 cloak {rCorr}
rCorr   +          Rampage  +   (no gloves)
Will    .....                   j - +0 pair of boots
Stlth   +.........              G - amulet of regeneration
HPRegen 1.88/turn               i - +4 ring of slaying
MPRegen 0.12/turn               d - ring of poison resistance

@: frozen, under a protective aura, glowing, very slow
A: horns 2, retaliatory headbutt
a: Renounce Religion, Divine Shield, Cleansing Flame


You were in an ice cave.
You worshipped the Shining One.
The Shining One was greatly pleased with you.
You visited 3 branches of the dungeon, and saw 12 of its levels.
You also visited: Ossuary, Bailey and Ice Cave.

You collected 1248 gold pieces.
You spent 240 gold pieces at shops.

Inventory:

Hand Weapons
 s - a +2 flail of protection (weapon)
 t - a +2 flail of holy wrath
 M - a +3 battleaxe
Missiles
 J - 2 silver boomerangs
 L - an atropa-tipped dart (quivered)
Armour
 e - a +0 cloak of preservation (worn)
 j - a +0 pair of boots (worn)
 p - a +2 hat (worn)
 C - the +8 ring mail of Soxyif (worn) {Rampage rN++ Regen+ Int-3}
   (You found it on level 6 of the Dungeon)

   Int:       It affects your intelligence (-3).
   rN:        It greatly protects you from negative energy.
   Regen:     It increases your rate of health regeneration.
   Rampage:   It bestows one free step when moving towards enemies.
 T - the +6 scale mail of Tomorrow {rCorr Stlth+}
   (You found it on level 8 of the Dungeon)

   rCorr:     It protects you from acid and corrosion.
   Stlth:     It makes you more stealthy.
 W - a +4 scale mail of willpower
 X - a +1 kite shield of cold resistance (worn)
Jewellery
 d - a ring of poison resistance (right hand)
 i - a +4 ring of slaying (left hand)
 r - the ring "Tolul" {rF+ rN++ MP+9 Str+2 Int-2}
   (You found it in a bailey)

   [ring of magical power]

   Str:       It affects your strength (+2).
   Int:       It affects your intelligence (-2).
   rF:        It protects you from fire.
   rN:        It greatly protects you from negative energy.
   MP:        It affects your magic capacity (+9).
 E - a ring of flight
 G - an amulet of regeneration (around neck)
 Q - a +6 ring of strength
Wands
 q - a wand of flame (1)
 N - a wand of mindburst (20)
 S - a wand of polymorph (8)
 V - a wand of roots (8)
Scrolls
 f - 2 scrolls of brand weapon
 g - 4 scrolls of immolation {unknown}
 h - 2 scrolls of fog {unknown}
 k - 3 scrolls of summoning
 l - 3 scrolls of amnesia {unknown}
 m - 4 scrolls of fear {unknown}
 n - 3 scrolls of enchant armour {unknown}
 u - 4 scrolls of blinking
 x - a scroll of teleportation
 y - 2 scrolls of poison {unknown}
 B - 4 scrolls of vulnerability {unknown}
 D - 2 scrolls of enchant weapon {unknown}
 I - 2 scrolls of magic mapping
 U - a scroll of torment {unknown}
Potions
 a - 4 potions of heal wounds
 b - a potion of berserk rage
 o - 7 potions of curing
 w - a potion of resistance {unknown}
 A - a potion of magic {unknown}
 F - 2 potions of haste {unknown}
 H - 7 potions of might
 K - 8 potions of attraction {unknown}
 O - a potion of invisibility {unknown}
 P - a potion of experience
 R - a potion of brilliance {unknown}


   Skills:
 * Level 12.5 Fighting
 * Level 16.8 Maces & Flails
 + Level 4.0 Throwing
 * Level 11.4 Armour
 + Level 5.5 Dodging
 - Level 1.0 Stealth
 + Level 6.9 Shields
 + Level 1.6 Unarmed Combat
 + Level 1.2 Invocations
 + Level 0.5 Evocations


You had 10 spell levels left.
You knew the following spells:

 Your Spells              Type           Power      Damage    Failure   Level
a - Sting                 Tmut/Pois      0%         1d3       93%         1

Your spell library contained the following spells:

 Spells                   Type           Power      Damage    Failure   Level
 Poisonous Vapours        Pois/Air       0%         N/A       98%         2
 Static Discharge         Conj/Air       0%         3-3/arc   98%         2
 Gell's Gravitas          Tloc           0%         N/A       100%        3
 Teleport Other           Tloc           0%         N/A       100%        3
 Dispel Undead            Necr           0%         3d6       100%        4
 Olgreb's Toxic Radiance  Pois           0%         N/A       100%        4
 Sticky Flame             Conj/Fire      0%         2d3       100%        4
 Dispersal                Tloc           0%         N/A       100%        6
 Disjunction              Tloc           0%         N/A       100%        8


Dungeon Overview and Level Annotations

Branches:
Dungeon (9/15)             Temple (1/1) D:7            Lair (2/5) D:8
 Shoals (0/4) Lair:2        Snake (0/4) Lair:2      Ossuary (visited)
 Bailey (visited)           IceCv (1/1)
    Orc: D:9-12

Altars:
Ashenzari
Cheibriados
Dithmenos
Elyvilon
Fedhas
Gozag
Hepliaklqana
Kikubaaqudgha
Makhleb
Nemelex Xobeh
Okawaru
Qazlal
Ru
Sif Muna
Trog
Uskayaw
Vehumet
Wu Jian
Xom
Yredelemnul
Zin
The Shining One

Shops:
D:5 =*


Innate Abilities, Weirdness & Mutations

You have a pair of horns on your head.
You reflexively headbutt those who attack you in melee.


Message History

Your weapon exudes an aura of protection.
You headbutt the death yak!
The death yak is moderately wounded.
The death yak is no longer moving slowly.
The death yak barely misses you.
You sock the death yak!
The death yak is heavily wounded.
The death yak gores you.
You sock the death yak!
The death yak is heavily wounded.
The death yak gores you.
You sock the death yak! You headbutt the death yak!
The death yak is almost dead.
The death yak gores you!
You hit the death yak.
The death yak is almost dead.
The death yak misses you. You furiously retaliate!
You headbutt the death yak, but do no damage.
You hit the death yak. You headbutt the death yak.
The death yak is almost dead.
You bludgeon the death yak!!
You kill the death yak!
Throw: 2 darts (atropa)
Press: ? - help, Q - select action, (/) - cycle Shift-Dir - straight line, f - death yak
Aim: a death yak (haloed, 97% to hit, chance to blind on hit: 3%)
You throw an atropa-tipped dart.
The atropa-tipped dart hits the death yak!
The death yak resists.
You sock the death yak!
The death yak is moderately wounded.
The death yak gores you.
The ironbound frostheart calls freezing cold from the walls.
The frost grips you!!! You partially resist.
* * * LOW HITPOINT WARNING * * *
You are encased in ice.
The death yak attacks as you move away!
The death yak gores you but does no damage.
The ironbound frostheart calls freezing cold from the walls.
The frost grips you!!! You partially resist.
You die...

#.#≈≈≈≈≈≈≈#
##.#≈≈≈≈≈≈##
#÷##≈≈≈≈≈≈###
#.##≈≈#≈≈##.##
#..#≈##≈#ph..#
#..###..(Y##.(#
#...###.#Y# .Y#
#...# ###Y#


hp. ##..###.@## p.. ##..###.# Y( ##.##.## . #..##.# ##.##.## ##☼☼##.##
#.○####.## #.## ##.# #.#####.## You could see 3 death yaks, an ironbound
frostheart and a polar bear.

Vanquished Creatures
  An orc warlord (Bailey)
  A hydra (Lair:1)
  A two-headed ogre (D:9)
  Erica (D:8)
  3 death yaks (IceCv)
  An orc knight (Bailey)
  A cyclops (D:8)
  Maurice (D:8)
  An ice statue (IceCv)
  The ghost of aeroqp the Changer, a novice NaTm (D:4)
  2 cane toads (Lair:1)
  A rime drake (Lair:1)
  A queen bee (Lair:2)
  Prince Ribbit (D:8)
  10 polar bears (IceCv)
  3 dream sheep (Lair:1)
  2 wyverns
  28 yaks
  A death yak simulacrum (Lair:2)
  A basilisk (Lair:1)
  2 steam dragons
  6 water moccasins
  6 black bears
  15 orc warriors
  An ice beast (D:8)
  A centaur (D:9)
  3 ogres
  13 wolves (IceCv)
  A phantom (D:6)
  A kobold brigand (D:7)
  8 bullfrogs
  A scorpion (D:6)
  A necrophage (D:6)
  14 wights
  34 killer bees
  3 jellies
  2 gnoll boudas
  3 orc priests
  3 hounds
  4 iguanas
  Natasha (thrice) (D:3)
  7 orc wizards
  8 mummies (Ossuary)
  7 gnolls
  9 adders
  2 shadow imps (D:6)
  An ufetubus (D:4)
  2 worms
  A dart slug (D:1)
  22 orcs
  5 bats
  5 endoplasms
  A giant cockroach (D:2)
  19 goblins
  13 hobgoblins
  2 jackals (D:2)
  3 quokkas
  8 ball pythons
  6 frilled lizards
  A hobgoblin zombie (Ossuary)
  5 kobolds
  5 kobold zombies (Ossuary)
  2 orc zombies (Ossuary)
  5 rats
326 creatures vanquished.

Vanquished Creatures (others)
  An orc (D:6)
  5 fungi
  6 plants
12 creatures vanquished.

Grand Total: 338 creatures vanquished

Notes
Turn   | Place    | Note
-------+----------+-------------------------------------------
     0 | D:1      | BlackCrag the Minotaur Fighter began the quest for the Orb.
     0 | D:1      | Reached XP level 1. HP: 19/19 MP: 0/0
   215 | D:1      | Reached XP level 2. HP: 27/27 MP: 1/1
   805 | D:2      | Reached XP level 3. HP: 33/33 MP: 2/2
   939 | D:2      | Reached skill level 3 in Maces & Flails
  1291 | D:3      | Noticed Natasha
  1300 | D:3      | Killed Natasha
  1301 | D:3      | Reached XP level 4. HP: 22/40 MP: 3/3
  1348 | D:3      | Noticed Natasha
  1356 | D:3      | Killed Natasha
  1618 | D:3      | Noticed Natasha
  1627 | D:3      | Killed Natasha
  1628 | D:3      | Reached skill level 4 in Maces & Flails
  1803 | D:3      | Found a sparkling altar of Nemelex Xobeh.
  1810 | D:3      | Learned a level 1 spell: Sting
  1824 | D:3      | Reached XP level 5. HP: 46/46 MP: 4/4
  1835 | D:3      | You fall into a shaft and drop 2 floors!
  1835 | D:5      | Entered Level 5 of the Dungeon
  1840 | D:5      | Noticed an ogre
  1864 | D:5      | Killed an ogre
  1865 | D:5      | Reached skill level 5 in Maces & Flails
  1865 | D:5      | Reached skill level 5 in Armour
  2184 | D:5      | Found Zithesel's Jewellery Shop.
  2230 | D:4      | Found a large runed translucent door.
  2231 | D:4      | Found a large runed translucent door.
  2234 | D:4      | Noticed aeroqp's ghost (novice NaTm)
  2241 | D:4      | Reached XP level 6. HP: 53/53 MP: 5/5
  2440 | D:4      | Reached skill level 6 in Maces & Flails
  2849 | D:3      | Reached XP level 7. HP: 56/60 MP: 6/6
  2867 | D:3      | Found a faded altar of an unknown god.
  3388 | D:4      | Reached skill level 7 in Maces & Flails
  3528 | D:4      | Killed aeroqp's ghost
  3529 | D:4      | Reached skill level 5 in Fighting
  3529 | D:4      | Reached skill level 8 in Maces & Flails
  3529 | D:4      | Reached skill level 1 in Dodging
  3560 | D:5      | Bought a ring of poison resistance for 240 gold pieces
  3571 | D:5      | Found Cinig's General Store.
  3683 | D:5      | Reached XP level 8. HP: 68/68 MP: 7/7
  3884 | D:5      | Found a snail-covered altar of Cheibriados.
  4196 | D:6      | Reached skill level 9 in Maces & Flails
  4222 | D:6      | Identified the +8 ring mail of Soxyif {Rampage rN++ Regen+
                  | Int-3}
  4422 | D:6      | Found a bloodstained altar of Trog.
  4433 | D:6      | Reached skill level 1 in Throwing
  4434 | D:6      | Reached skill level 10 in Maces & Flails
  4728 | D:6      | Reached XP level 9. HP: 75/75 MP: 8/8
  4859 | D:7      | Found a staircase to the Ecumenical Temple.
  4864 | Temple   | Entered the Ecumenical Temple
  5046 | D:7      | Found a broken altar of Ashenzari.
  5047 | D:7      | Found a glowing silver altar of Zin.
  5048 | D:7      | Found a sacrificial altar of Ru.
  5048 | D:7      | Found a glowing golden altar of the Shining One.
  5056 | D:7      | Became a worshipper of the Shining One
  5113 | D:7      | Reached skill level 11 in Maces & Flails
  5496 | D:7      | Found an ornate altar of the Wu Jian Council.
  5608 | D:8      | Reached * piety under the Shining One
  5624 | D:8      | Noticed a cyclops
  5693 | D:8      | Reached skill level 12 in Maces & Flails
  5693 | D:8      | Reached skill level 5 in Shields
  5735 | D:8      | Killed a cyclops
  5752 | D:8      | Reached XP level 10. HP: 88/88 MP: 9/9
  5756 | D:8      | Found a sand-covered staircase.
  5763 | Ossuary  | Entered an ossuary
  5772 | Ossuary  | Reached ** piety under the Shining One
  5998 | D:8      | Reached skill level 1 in Stealth
  6122 | D:8      | Found a shadowy altar of Dithmenos.
  6122 | D:8      | Noticed Erica
  6133 | D:8      | Killed Erica
  6134 | D:8      | Reached skill level 13 in Maces & Flails
  6210 | D:8      | Found a staircase to the Lair.
  6265 | D:8      | Noticed Maurice
  6274 | D:8      | Killed Maurice
  6621 | D:8      | Identified the +6 scale mail of Tomorrow {rCorr Stlth+}
  6624 | D:8      | Noticed Prince Ribbit
  6631 | D:8      | Killed Prince Ribbit
  6841 | D:9      | Found a flagged portal.
  6856 | Bailey   | Entered a bailey
  6939 | Bailey   | Noticed an orc knight
  6952 | Bailey   | Killed an orc knight
  6955 | Bailey   | Reached skill level 1 in Unarmed Combat
  6960 | Bailey   | Reached skill level 14 in Maces & Flails
  7071 | Bailey   | Noticed an orc warlord
  7072 | Bailey   | Reached *** piety under the Shining One
  7092 | Bailey   | Killed an orc warlord
  7093 | Bailey   | Reached skill level 1 in Invocations
  7093 | Bailey   | Reached XP level 11. HP: 75/97 MP: 7/10
  7109 | Bailey   | Identified the ring "Tolul" {rF+ rN++ MP+9 Str+2 Int-2}
  7270 | D:9      | Found an iron altar of Okawaru.
  7309 | D:9      | Noticed a two-headed ogre
  7317 | D:9      | Killed a two-headed ogre
  7900 | Lair:1   | Entered Level 1 of the Lair of Beasts
  8092 | Lair:1   | Reached skill level 10 in Fighting
  8092 | Lair:1   | Reached skill level 10 in Armour
  8225 | Lair:1   | Reached skill level 15 in Maces & Flails
  8325 | Lair:1   | Noticed a seven-headed hydra
  8340 | Lair:1   | Killed a seven-headed hydra
  8985 | Lair:2   | Found a frozen archway.
  9016 | IceCv    | Entered an ice cave
  9031 | IceCv    | Reached XP level 12. HP: 100/110 MP: 11/11
  9054 | IceCv    | Noticed a death yak
  9054 | IceCv    | Noticed a death yak
  9066 | IceCv    | Killed a death yak
  9073 | IceCv    | Killed a death yak
  9117 | IceCv    | Reached skill level 5 in Dodging
  9175 | IceCv    | Reached **** piety under the Shining One
  9187 | IceCv    | Reached skill level 16 in Maces & Flails
  9676 | IceCv    | Noticed a death yak
  9676 | IceCv    | Noticed a death yak
  9676 | IceCv    | Noticed an ironbound frostheart
  9676 | IceCv    | Noticed a death yak
  9677 | IceCv    | Noticed an ironbound frostheart
  9678 | IceCv    | Noticed a death yak
  9691 | IceCv    | Killed a death yak
  9694 | IceCv    | Killed from afar by an ironbound frostheart

Illustrated notes

Levels and vault maps discovered:
D:1:      dpeg_arrival_rhombus, layout_basic, hangedman_decor_growths
D:2:      layout_loops_ring
D:3:      layout_loops_ring, overflow_temple_1_default,
          shapermc_ecumenical_altar_acropolis, uniq_natasha
D:4:      layout_cave_pods, ebering_ghost_disaster_area, kennysheep_orc_chapel
D:5:      nicolae_cairo_tiling_very_big, layout_loops_corners,
          chei_slow_surprise, serial_shops, shop, nicolae_stop_n_shop_2
D:6:      layout_gridville, trog_ov_bears_minmay, st_stairs_5,
          chequers_serial_rivers_micro_b, minmay_diced_spiral
D:7:      layout_basic, mainiacjoe_overflow_alcove_3, pf_just_have_faith,
          minmay_temple_entry_wispy, minmay_statues_item,
          minmay_misc_feat_nine_boxes, kennysheep_small_circle
D:8:      layout_basic, lemuel_tele_altar, lair_entry_dummy,
          nicolae_ossuary_entry_monument, serial_corexii_hall,
          chequers_hall_statues_y, corexii_hall_statues_t,
          mrwooster_statue_mirror, kennysheep_pointless_box,
          hangedman_decor_diamond_cutter, amcnicky_mini_pool_small,
          uniq_prince_ribbit1, uniq_maurice, uniq_erica
D:9:      layout_roguey, old_standard_altar, enter_bailey_7,
          dreamdust_princess_corridor
Temple:   chequers_temple_sunken
Lair:1:   layout_gridlike, dreamdust_gnoll_shepherd
Lair:2:   layout_roguey [special_room_bee], minmay_shoals_entry_beasts,
          minmay_snake_entry_guardpost_small,
          portal_ice_cave_entry_ice_simulacra, serial_bayou_shore_a
IceCv:    ice_cave_caverns_02

Skill      XL: |  1  2  3  4  5  6  7  8  9 10 11 12 |
---------------+-------------------------------------+-----
Fighting       | 4 5 6 7 9 11 12 | 12.5
Armour         | 4 5 6 7 8 9 10 11 | 11.4
Maces & Flails | 3 4 5 6 8 10 12 14 15 16 | 16.8
Shields        | 4 5 6 |  6.9
Dodging        | 1 2 3 4 5 |  5.5
Throwing       | 1 3 4 |  4.0
Stealth        | 1 |  1.0
Unarmed Combat | 1 |  1.6
Invocations    | 1 |  1.2
Evocations     | |  0.5

Action                   |  1- 3 |  4- 6 |  7- 9 | 10-12 || total
-------------------------+-------+-------+-------+-------++-------
Melee: Flail             |    67 |    62 |   141 |   512 ||   782
       Headbutt          |     6 |     7 |    22 |   133 ||   168
       Unarmed           |       |       |       |     5 ||     5
       Punch             |       |       |       |     1 ||     1
Throw: Javelin           |     2 |     2 |     5 |     6 ||    15
       Dart              |       |       |     3 |    16 ||    19
       Boomerang         |       |       |       |    23 ||    23
Invok: Divine Shield     |       |       |       |     4 ||     4
Evoke: Wand              |       |       |       |     3 ||     3
  Use: Scroll            |       |     5 |     4 |     6 ||    15
       Potion            |       |       |     1 |       ||     1
Armor: Chain mail        |    28 |    41 |    21 |       ||    90
       Ring mail         |       |       |    51 |   197 ||   248
Dodge: Dodged            |    31 |    22 |    58 |   179 ||   290
Block: Buckler           |    23 |     7 |    24 |    79 ||   133
       Kite shield       |       |       |       |     2 ||     2
